 Dungeon Crawl Stone Soup version 0.22-a0-282-gdd34a7d (webtiles) character file.

20089 grindst0ne the Thaumaturge (level 12, 0/68 HPs)
             Began as a Deep Elf Earth Elementalist on Mar 17, 2018.
             Was an Elder of Vehumet.
             Slain by a minotaur
             ... wielding a +0 quarterstaff
              (37 damage)
             ... in a labyrinth.
             The game lasted 00:55:51 (17362 turns).

grindst0ne the Thaumaturge (DEEE)                  Turns: 17362, Time: 00:55:52

Health: 0/68       AC:  7    Str:  5    XL:     12   Next: 42%
Magic:  2/28       EV: 19    Int: 26    God:    Vehumet [****..]
Gold:   618        SH:  2    Dex: 15    Spells: 0/31 levels left

rFire    + . .     SeeInvis .   o - +0 dagger (venom)
rCold    + . .     Gourm    .   (no shield)
rNeg     . . .     Faith    .   C - +2 robe {rC+ rF+}
rPois    .         Spirit   .   (no helmet)
rElec    .         Reflect  +   y - +1 cloak {MR+}
rCorr    .         Harm     .   j - +0 pair of gloves
MR       ++...                  (no boots)
Stlth    +++++.....             B - +2 amulet of reflection
HPRegen  0.21/turn              e - ring of stealth
MPRegen  0.21/turn              r - +2 ring of evasion

@: no status effects
A: no striking features
a: Renounce Religion


You were in a labyrinth.
You worshipped Vehumet.
Vehumet was greatly pleased with you.
You were not hungry.

You visited 3 branches of the dungeon, and saw 14 of its levels.
You also visited: Labyrinth.

You collected 766 gold pieces.
You spent 148 gold pieces at shops.

Inventory:

Hand Weapons
 o - a +0 dagger of venom (weapon)
 v - a +0 broad axe
Missiles
 a - a throwing net
 c - 183 stones (quivered)
Armour
 h - the +1 robe of Tender Moments {rPois Str+3}
   (You bought it in a shop on level 5 of the Dungeon)

   It affects your strength (+3).
   It protects you from poison.
 j - a +0 pair of gloves (worn)
 x - a +0 crystal plate armour
 y - a +1 cloak of magic resistance (worn)
 C - a +2 robe of resistance (worn)
Jewellery
 e - a ring of stealth (left hand)
 r - a +2 ring of evasion (right hand)
 B - a +2 amulet of reflection (around neck)
Wands
 b - a wand of digging (5)
 k - a wand of iceblast (4)
 w - a wand of clouds (5)
 F - a wand of disintegration (17)
Scrolls
 f - 8 scrolls of remove curse
 g - 5 scrolls of amnesia
 l - 2 scrolls of blinking
 m - a scroll of brand weapon
 p - a scroll of magic mapping
 s - 3 scrolls of teleportation
 t - 2 scrolls of enchant weapon
 u - a scroll of silence
 I - a scroll of enchant armour {unknown}
Potions
 i - 2 potions of cancellation
 n - a potion of might
 q - 4 potions of curing
 z - a potion of haste
 A - a potion of heal wounds
 D - a potion of flight
 G - a potion of brilliance
 H - 2 potions of agility
 J - a potion of magic
Comestibles
 d - 20 rations


   Skills:
 - Level 5.2 Fighting
 - Level 8.0 Dodging
 - Level 7.6 Stealth
 - Level 10.2 Spellcasting
 - Level 3.1 Conjurations
 - Level 8.3 Hexes
 - Level 10.0 Charms
 - Level 4.3 Translocations
 - Level 1.1 Transmutations
 + Level 7.6 Air Magic
 - Level 10.0 Earth Magic
 + Level 4.4 Evocations


You couldn't memorise any spells.
You knew the following spells:

 Your Spells              Type           Power        Failure   Level  Hunger
a - Sandblast             Erth           ######       1%          1    None
b - Stone Arrow           Conj/Erth      #####.       1%          3    None
c - Lee's Rapid Deconstr  Erth           ######....   1%          5    ####...
d - Petrify               Tmut/Erth      #####...     4%          4    None
e - Confuse               Hex            ######..     1%          3    None
f - Blink                 Tloc           N/A          1%          2    None
g - Cause Fear            Hex            ######....   1%          4    None
h - Deflect Missiles      Chrm/Air       ######....   19%         6    #####..
i - Regeneration          Chrm/Necr      #####.....   1%          3    None


Dungeon Overview and Level Annotations

Branches:
Dungeon (10/15)            Temple (1/1) D:6            Lair (3/6) D:8
 Shoals (0/4) Lair:3          Orc (0/2) D:9
  Snake: Lair:2-4    Spider: Lair:2-4

Altars:
Ashenzari
Cheibriados
Dithmenos
Elyvilon
Fedhas
Gozag
Hepliaklqana
Kikubaaqudgha
Makhleb
Nemelex Xobeh
Okawaru
Qazlal
Ru
Sif Muna
Trog
Uskayaw
Vehumet
Wu Jian
Xom
Yredelemnul
Zin
The Shining One

Shops:
D:5 [   D:6 %

Annotations:
D:3 exclusion: 2 downstairs


Message History

The metal wall shatters!
The blast of metal fragments hits the minotaur.
The minotaur is heavily wounded.
The minotaur is engulfed in freezing vapours.
The minotaur hits you with a quarterstaff!!
The minotaur misses you.
Casting: Lee's Rapid Deconstruction (safe; 1% risk of failure)
Confirm with . or Enter, or press ? or * to list all spells.
You don't have enough magic to cast that spell.
Unknown command.
Casting: Lee's Rapid Deconstruction (safe; 1% risk of failure)
Confirm with . or Enter, or press ? or * to list all spells.
Aiming: Stone Arrow (safe; 1% risk of failure)
Press: ? - help, Shift-Dir - straight line The stone arrow hits the minotaur.
The minotaur is severely wounded.
The minotaur is engulfed in freezing vapours.
The minotaur hits you with a quarterstaff!!!
Ouch! That really hurt!
You die...

# #.# . ## #
#.##. # .
..... ...# #
#. # ##. ..# #
.# ## . . ...
...####
#.##.## #... #
#. ##.####.###
# # #§@...# ..
#.# # #H###.#
###.# # .
.#§..#.... ...
# ###.#H##
.######
..#.#.........
#.#.# ### #.
.## ...#...
.#. .# ##
#<###.### ##
..# # ..#


You could see a minotaur.

Vanquished Creatures
  The ghost of grindst0ne the Blocker, a journeyman DsCK of Xom (Lair:1)
  5 two-headed ogres
  2 unseen horrors (Lab)
  Pikel (D:7)
  A manticore (Lair:3)
  The ghost of Amnesiac the Ducker, a novice TeAE of Sif Muna (D:5)
  Psyche (D:9)
  An elephant (D:8)
  Maurice (D:8)
  2 black mambas
  2 spiny frogs (Lair:2)
  A gargoyle (Lab)
  3 komodo dragons
  Grinder (D:6)
  5 hippogriffs
  2 shadows (Lab)
  15 yaks
  2 wyverns (D:9)
  Sigmund (D:6)
  A hungry ghost (Lab)
  Grum (D:9)
  3 water moccasins
  5 orc warriors
  7 porcupines
  2 ice beasts
  4 sky beasts
  3 ogres
  2 black bears
  3 slaves (D:7)
  A necrophage (D:9)
  2 phantoms
  4 centaurs
  2 wolves (D:9)
  5 crocodiles
  3 big kobolds
  6 bullfrogs
  2 earth elementals (Lab)
  2 scorpions
  3 killer bees (D:9)
  11 howler monkeys
  4 wights (D:10)
  2 crimson imps (D:5)
  2 bullfrog zombies
  A centaur zombie (D:8)
  4 hounds
  A bullfrog skeleton (D:8)
  3 jellies
  4 orc priests
  13 orc wizards
  Crazy Yiuf (D:7)
  3 iguanas
  9 worker ants
  2 hound skeletons
  10 adders
  8 gnolls
  2 shadow imps
  An ooze (D:1)
  2 adder zombies
  2 adder skeletons (D:6)
  3 dart slugs (D:1)
  4 worms
  3 leopard geckos
  47 orcs
  A ball python (D:7)
  7 bats
  10 giant cockroaches
  8 goblins
  5 hobgoblins
  15 jackals
  3 quokkas
  A ball python zombie (D:6)
  7 frilled lizards
  17 kobolds
  A quokka skeleton (D:7)
  A quokka zombie (D:10)
  5 rats
  A fungus (Lair:2)
333 creatures vanquished.

Vanquished Creatures (others)
  A worker ant zombie (D:7)
  A fungus (Lair:1)
2 creatures vanquished.

Grand Total: 335 creatures vanquished

Notes
Turn   | Place    | Note
-------+----------+-------------------------------------------
     0 | D:1      | grindst0ne the Deep Elf Earth Elementalist began the quest for the Orb.
     0 | D:1      | Reached XP level 1. HP: 10/10 MP: 6/6
    84 | D:1      | Reached XP level 2. HP: 15/15 MP: 0/8
   466 | D:1      | Reached XP level 3. HP: 19/19 MP: 7/10
   489 | D:1      | Learned a level 3 spell: Stone Arrow
  1156 | D:2      | Reached XP level 4. HP: 24/24 MP: 4/12
  1980 | D:2      | Found a basalt altar of Yredelemnul.
  1980 | D:2      | Found an ancient bone altar of Kikubaaqudgha.
  1981 | D:2      | Found a shimmering altar of Xom.
  2122 | D:3      | Found a faded altar of an unknown god.
  2156 | D:3      | Reached XP level 5. HP: 11/28 MP: 0/13
  2163 | D:3      | Reached skill level 1 in Conjurations
  2419 | D:3      | Noticed an ice beast
  2452 | D:3      | Killed an ice beast
  2452 | D:3      | Reached XP level 6. HP: 32/32 MP: 1/14
  2548 | D:3      | Learned a level 5 spell: Lee's Rapid Deconstruction
  3434 | D:4      | Reached skill level 5 in Stealth
  3441 | D:4      | Reached skill level 5 in Earth Magic
  3700 | D:4      | Noticed an ice beast
  3757 | D:4      | Reached XP level 7. HP: 36/36 MP: 0/15
  3956 | D:4      | Reached skill level 5 in Dodging
  4510 | D:5      | Entered Level 5 of the Dungeon
  4869 | D:5      | Noticed Amnesiac's ghost (novice TeAE)
  5116 | D:5      | Reached XP level 8. HP: 40/41 MP: 9/16
  5127 | D:5      | Killed Amnesiac's ghost
  5509 | D:5      | Found Luluuhorgh's Antique Armour Shoppe.
  5547 | D:5      | Bought a crude robe for 148 gold pieces
  5557 | D:5      | Identified the cursed +1 robe of Tender Moments {rPois Str+3} (You bought it in a shop on level 5 of the Dungeon)
  6191 | D:5      | Found a snail-covered altar of Cheibriados.
  6509 | D:6      | Learned a level 1 spell: Confusing Touch
  6513 | D:6      | Learned a level 3 spell: Confuse
  6514 | D:6      | Noticed Grinder
  6519 | D:6      | Reached skill level 1 in Hexes
  6523 | D:6      | Killed Grinder
  6523 | D:6      | Reached skill level 1 in Fighting
  6523 | D:6      | Reached XP level 9. HP: 35/47 MP: 1/17
  6981 | D:6      | Noticed Sigmund
  6983 | D:6      | Killed Sigmund
  7321 | D:6      | Found a staircase to the Ecumenical Temple.
  7371 | Temple   | Entered the Ecumenical Temple
  7528 | Temple   | Became a worshipper of Vehumet
  7596 | D:6      | Found Monyosae's Food Boutique.
  7846 | D:7      | Noticed Pikel
  7858 | D:7      | Found a bloodstained altar of Trog.
  8149 | D:7      | Reached skill level 5 in Hexes
  8326 | D:7      | Learned a level 4 spell: Petrify
  8351 | D:7      | Reached * piety under Vehumet
  8351 | D:7      | Offered knowledge of Sting by Vehumet.
  8787 | D:7      | Killed Pikel
  8920 | D:7      | Reached XP level 10. HP: 47/56 MP: 6/18
  9306 | D:7      | Found a runed door.
  9566 | D:7      | Noticed Crazy Yiuf
  9568 | D:7      | Killed Crazy Yiuf
  9635 | D:8      | Noticed an elephant
  9650 | D:8      | Noticed a two-headed ogre
  9655 | D:8      | Killed a two-headed ogre
  9655 | D:8      | Reached skill level 10 in Earth Magic
  9722 | D:8      | Found a staircase to the Lair.
  9999 | D:8      | Noticed a two-headed ogre
 10144 | D:8      | Killed a two-headed ogre
 10144 | D:8      | Reached skill level 5 in Fighting
 10144 | D:8      | Reached skill level 5 in Spellcasting
 10700 | D:8      | Killed an elephant
 10866 | D:8      | Learned a level 2 spell: Blink
 10871 | D:8      | Learned a level 4 spell: Cause Fear
 10973 | D:8      | Noticed a two-headed ogre
 10975 | D:8      | Killed a two-headed ogre
 11002 | D:8      | Noticed Maurice
 11013 | D:8      | Killed Maurice
 11234 | D:9      | Noticed Grum
 11257 | D:9      | Killed Grum
 11264 | D:9      | Reached XP level 11. HP: 55/64 MP: 5/26
 11265 | D:9      | Reached skill level 10 in Spellcasting
 11408 | D:9      | Found an opulent altar of Gozag.
 11416 | D:9      | Learned a level 6 spell: Deflect Missiles
 11452 | D:9      | Reached ** piety under Vehumet
 11612 | D:9      | Reached skill level 1 in Charms
 11629 | D:9      | Offered knowledge of Freeze by Vehumet.
 11678 | D:9      | Noticed a two-headed ogre
 11681 | D:9      | Killed a two-headed ogre
 11681 | D:9      | Reached skill level 1 in Translocations
 11681 | D:9      | Reached skill level 1 in Air Magic
 11695 | D:9      | Noticed Psyche
 11696 | D:9      | Killed Psyche
 11733 | D:9      | Noticed a two-headed ogre
 11736 | D:9      | Killed a two-headed ogre
 12116 | D:9      | Found a staircase to the Orcish Mines.
 12156 | D:9      | Found a snail-covered altar of Cheibriados.
 12325 | D:9      | Offered knowledge of Static Discharge by Vehumet.
 12481 | D:10     | Entered Level 10 of the Dungeon
 12532 | D:10     | Reached *** piety under Vehumet
 12533 | D:10     | Reached skill level 5 in Charms
 12786 | D:10     | Offered knowledge of Throw Icicle by Vehumet.
 13426 | Lair:1   | Entered Level 1 of the Lair of Beasts
 13733 | Lair:1   | Found a bloodstained altar of Trog.
 13785 | Lair:1   | Noticed grindst0ne's ghost (journeyman DsCK)
 13923 | Lair:1   | Killed grindst0ne's ghost
 13923 | Lair:1   | Reached skill level 5 in Air Magic
 15001 | Lair:2   | Reached **** piety under Vehumet
 15137 | Lair:2   | Reached XP level 12. HP: 68/68 MP: 18/28
 15234 | Lair:2   | Learned a level 3 spell: Regeneration
 15423 | Lair:2   | Reached skill level 1 in Evocations
 15808 | Lair:2   | Offered knowledge of Venom Bolt by Vehumet.
 16112 | Lair:3   | Found a staircase to the Shoals.
 16113 | Lair:3   | Found a labyrinth entrance.
 16136 | Lair:3   | Reached skill level 10 in Charms
 16138 | Lab      | Entered a labyrinth
 17347 | Lab      | Noticed a minotaur
 17362 | Lab      | Slain by a minotaur

Vault maps used:
D:1:      matt_arrival_refuge
D:2:      gammafunk_temple_overflow_claw
D:3:      chequers_ecumenical_altar_simple, first_ration
D:4:      grunt_decor_resistance
D:5:      serial_shops, nicolae_shop_overgrown_old_shop, serial_bayou_pond_d,
          st_stairs_14, chei_slow_surprise
D:6:      minmay_temple_entry_grid, serial_shops, shop_fountains, uniq_grinder,
          uniq_sigmund
D:7:      trog_book, uniq_crazy_yiuf_cottage, uniq_pikel
D:8:      david_lair_generic, uniq_maurice
D:9:      cheibriados_altar_1, hiddenorc1_lemuel, basic_altar, uniq_grum,
          uniq_psyche
D:10:     grunt_pizzeria
Temple:   regret_index_temple_mists
Lair:1:   basic_altar, grunt_megastairs_1, lemuel_fruit_tree
Lair:3:   minmay_shoals_entry_beasts, lab_entry_generic, forest_entry_grove
Lab:      nicolae_lab_statue, nicolae_lab_starburst, nicolae_lab_blocks,
          nicolae_lab_lava, nicolae_lab_quarters, nicolae_lab_grate

Skill      XL: |  1  2  3  4  5  6  7  8  9 10 11 12 |
---------------+-------------------------------------+-----
Stealth        | 3 4 5 6 7 |  7.6
Dodging        | 3 4 6 8 |  8.0
Spellcasting   | 4 9 10 | 10.2
Earth Magic    | 4 5 6 8 9 10 | 10.0
Conjurations   | 1 2 3 |  3.1
Hexes          | 2 6 8 |  8.3
Fighting       | 1 4 5 |  5.2
Charms         | 8 10 | 10.0
Translocations | 4 |  4.3
Air Magic      | 6 7 |  7.6
Evocations     | 4 |  4.4
Transmutations | |  1.1

Action                   |  1- 3 |  4- 6 |  7- 9 | 10-12 || total
-------------------------+-------+-------+-------+-------++-------
Melee: Unarmed           |    46 |       |       |       ||    46
       Dagger            |       |    18 |    99 |    50 ||   167
 Cast: Sandblast         |    30 |    39 |    29 |    35 ||   133
       Stone Arrow       |    16 |    37 |    83 |    96 ||   232
       Lee's Rapid Decon |       |       |    17 |   127 ||   144
       Petrify           |       |       |     4 |     4 ||     8
       Confuse           |       |       |     3 |     9 ||    12
       Blink             |       |       |       |     3 ||     3
Evoke: Wand              |       |       |    11 |    36 ||    47
  Use: Scroll            |     2 |     3 |     7 |    16 ||    28
       Potion            |       |     1 |     8 |     3 ||    12
 Stab: Sleeping          |       |     3 |     3 |     2 ||     8
       Petrified         |       |       |     5 |     2 ||     7
       Petrifying        |       |       |     1 |     1 ||     2
  Eat: Chunk             |     2 |    10 |    19 |    36 ||    67
       Ration            |       |       |     2 |     4 ||     6
Armor: Robe              |     9 |     6 |    13 |    16 ||    44
       Skin              |       |       |     8 |       ||     8
Dodge: Dodged            |    64 |    35 |   103 |   118 ||   320

Table legend:
 A = Spawn XP
 B = Non-spawn XP
 C = Spawn XP percentage of total XP
 D = Spawn monster count
 E = Non-spawn monster count
 F = Spawn count percentage of total count
 G = Total turns spent on level
                    A         B        C        D         E        F      G
               +---------+---------+-------+---------+---------+-------+---------
         Total |       0 |   28699 |   0.0 |       0 |     329 |   0.0 | 17362
               +---------+---------+-------+---------+---------+-------+---------
           D:1 |       0 |      52 |   0.0 |       0 |      22 |   0.0 |   834
           D:2 |       0 |     120 |   0.0 |       0 |      33 |   0.0 |  1188
           D:3 |       0 |     330 |   0.0 |       0 |      22 |   0.0 |  1787
           D:4 |       0 |     634 |   0.0 |       0 |      16 |   0.0 |   937
           D:5 |       0 |    1293 |   0.0 |       0 |      29 |   0.0 |  1721
           D:6 |       0 |    1284 |   0.0 |       0 |      25 |   0.0 |  1507
           D:7 |       0 |    2183 |   0.0 |       0 |      38 |   0.0 |  1590
           D:8 |       0 |    4699 |   0.0 |       0 |      29 |   0.0 |  1812
           D:9 |       0 |    4960 |   0.0 |       0 |      50 |   0.0 |  1265
          D:10 |       0 |    1498 |   0.0 |       0 |      20 |   0.0 |   889
        Lair:1 |       0 |    3662 |   0.0 |       0 |      15 |   0.0 |  1113
        Lair:2 |       0 |    3669 |   0.0 |       0 |      16 |   0.0 |  1257
        Lair:3 |       0 |    1666 |   0.0 |       0 |       6 |   0.0 |    65
           Lab |       0 |    2649 |   0.0 |       0 |       8 |   0.0 |  1224
               +---------+---------+-------+---------+---------+-------+---------
